 Dungeon Crawl Stone Soup version 0.17-a0-1528-gfee3901 (webtiles) character file.

52 wvc the Cudgeler (level 3, 0/18 HPs)
             Began as a Vine Stalker Skald on July 15, 2015.
             Succumbed to an adder's poison
             ... on level 2 of the Dungeon.
             The game lasted 00:02:53 (887 turns).

wvc the Cudgeler (Vine Stalker Skald)                Turns: 887, Time: 00:02:53

Health: 0/18       AC:  6    Str: 14    XL:     3   Next: 85%
Magic:  0/7        EV: 10    Int: 13    God:
Gold:   46         SH:  0    Dex: 13    Spells: 1 memorised, 5 levels left

rFire  . . .     SeeInvis .     f - +0 flail (curse)
rCold  . . .     Clarity  .     g - +0 ring mail
rNeg   . . .     SustAt   .     (no shield)
rPois  .         Gourm    .     a - +0 helmet
rElec  .         Spirit   +     (no cloak)
rCorr  .         Warding  .     (no gloves)
rMut   .         Stasis   .     (no boots)
MR     .....                    (no amulet)
Stlth  +.........               (no ring)
                                (no ring)

@: lethally poisoned (0 -> -2), not resistant to hostile enchantments, very
unstealthy
A: fangs 2, regeneration 1, magic shield, antimagic bite, no device heal 3, rot
immunity
a: no special abilities


You were on level 2 of the Dungeon.
You were not hungry.

You visited 1 branch of the dungeon, and saw 2 of its levels.

You collected 46 gold pieces.

Inventory:

Hand weapons
 f - a cursed +0 flail (weapon)
Armour
 a - a +0 helmet (worn)
 g - a +0 ring mail (worn)
Scrolls
 e - 3 scrolls of teleportation
Potions
 b - a potion of lignification {unknown}
Books
 c - a book of Battle

   Spells                             Type                      Level
   a - Infusion                       Charms                       1
   b - Shroud of Golubria             Charms/Translocation         2
   c - Song of Slaying                Charms                       2
   d - Spectral Weapon                Hexes/Charms                 3
   e - Regeneration                   Charms/Necromancy            3
Miscellaneous
 h - a plain deck of changes
Comestibles
 d - 3 bread rations


   Skills:
 - Level 1.7 Fighting
 * Level 3.3 Maces & Flails
 + Level 1.0 Armour
 - Level 1.2 Dodging
 - Level 2.1 Spellcasting
 - Level 3.0 Charms


You had 5 spell levels left.
You knew the following spells:

 Your Spells              Type           Power        Failure   Level  Hunger
a - Infusion              Chrm           #.....       17%         1    ##.....


Dungeon Overview and Level Annotations

Branches:
Dungeon (2/15)

Altars:
Nemelex Xobeh


Innate Abilities, Weirdness & Mutations

You have extremely sharp teeth.
Your natural rate of healing is unusually fast.
When hurt, damage is shared between your health and your magic reserves.
Your bite disrupts and absorbs the magic of your enemies.
Potions and wands cannot restore your health.
You are immune to rotting.


Message History

You feel sick. The giant gecko bites you.
* * * LOW HITPOINT WARNING * * *
The adder closely misses you.
The giant gecko bites you but does no damage.
The adder bites you.
* * * LOW HITPOINT WARNING * * *
You are lethally poisoned!
The adder poisons you!
You closely miss the adder. Your bite misses the adder.
The adder is almost dead.
The adder bites you but does no damage. The giant gecko barely misses you.
You barely miss the adder.
The adder is almost dead.
* * * LOW HITPOINT WARNING * * *
You feel sick. The adder bites you.
The giant gecko bites you but does no damage.
The adder bites you but does no damage. The giant gecko barely misses you.
Drink which item? (? for menu, Esc to quit)
Okay, then.
You die...

#............[.#...
#................##
##..#..............
######...#.##........#..
##......#.#..#....w.
#.........##.#....
#..................
##.........##......
##.......@#S......
#.........l..)..$
#........#.......
#.............#..
######.#......#
#.#......# ...........
#####....?... .....#[


You could see a giant gecko.

Vanquished Creatures
  An adder (D:2)
  2 worms
  4 giant geckos (D:1)
  4 bats (D:1)
  4 giant cockroaches
  5 hobgoblins
  4 jackals (D:1)
  2 giant newts (D:1)
  3 kobolds
  7 rats
36 creatures vanquished.

Notes
Turn   | Place    | Note
--------------------------------------------------------------
     0 | D:1      | wvc the Vine Stalker Skald began the quest for the Orb.
     0 | D:1      | Reached XP level 1. HP: 11/11 MP: 4/4
    83 | D:1      | Reached skill level 1 in Dodging
   102 | D:1      | Reached XP level 2. HP: 13/15 MP: 3/6
   583 | D:1      | Reached XP level 3. HP: 18/18 MP: 7/7
   769 | D:2      | Found a sparkling altar of Nemelex Xobeh.
   842 | D:2      | Reached skill level 1 in Armour
   887 | D:2      | Succumbed to an adder's poison

Vault maps used:
D:1:      roderic_chinese_lattice_arrival
D:2:      nemelex_deck

Action                   || total
-------------------------++-------
Melee: Mace              ||    86
       Flail             ||    46
 Cast: Infusion          ||     1
  Use: Scroll            ||     2
